 Dungeon Crawl Stone Soup version 0.28-a0-1613-gdaab1c2f9b (webtiles) character file.

Game seed: 18127990647893751261

887 murtidash the Zephyrmancer (level 8, -2/41 HPs)
             Began as a Tengu Air Elementalist on Jan 21, 2022.
             Was an Initiate of Vehumet.
             Slain by an ufetubus (4 damage)
             ... on level 4 of the Dungeon.
             The game lasted 00:07:44 (5363 turns).

murtidash the Zephyrmancer (Tengu Air Elementalist) Turns: 5363, Time: 00:07:44

Health: -2/41      AC:  2    Str:  9    XL:     8   Next: 5%
Magic:  1/14       EV: 14    Int: 18    God:    Vehumet [......]
Gold:   188        SH:  0    Dex: 14    Spells: 4/14 levels left

rFire   . . .      SeeInvis .   b - staff of air {rElec}
rCold   . . .      Faith    .   (no shield)
rNeg    . . .      Spirit   .   k - +0 robe
rPois   .          Reflect  .   (helmet restricted)
rElec   +          Harm     .   (no cloak)
rCorr   .          Rampage  .   (no gloves)
Will    .....                   (boots unavailable)
Stlth   ++........              (no amulet)
HPRegen 0.13/turn               (no ring)
MPRegen 0.14/turn               (no ring)

@: flying quickly and evasively, quick
A: beak, talons 3, nimble flight
a: Renounce Religion


You were on level 4 of the Dungeon.
You worshipped Vehumet.
Vehumet was noncommittal.
You visited 2 branches of the dungeon, and saw 6 of its levels.

You collected 188 gold pieces.

Inventory:

Hand Weapons
 a - the +7 falchion of Excruciating Pain {venom, rPois Str+2}
   (You found it on level 3 of the Dungeon)

   It poisons the flesh of those it strikes.
   Str:       It affects your strength (+2).
   rPois:     It protects you from poison.
Armour
 k - a +0 robe (worn)
Magical Staves
 b - a staff of air (weapon) {rElec}
   (You found it on level 3 of the Dungeon)
Jewellery
 t - a ring of willpower
   (You took it off an orc on level 4 of the Dungeon)
Wands
 s - a wand of digging (7)
   (You took it off an orc on level 4 of the Dungeon)
 v - a wand of iceblast (9)
   (You found it on level 5 of the Dungeon)
Scrolls
 c - a scroll of magic mapping {unknown}
 d - 4 scrolls of identify {unknown}
 e - a scroll of immolation {unknown}
 f - 3 scrolls of blinking {unknown}
 g - a scroll of summoning {unknown}
 h - 2 scrolls of teleportation {unknown}
 i - a scroll of brand weapon {unknown}
 j - a scroll of enchant armour {unknown}
 l - 2 scrolls of fear {unknown}
 m - a scroll of amnesia {unknown}
 n - a scroll of noise {unknown}
 u - a scroll of silence {unknown}
Potions
 o - a potion of invisibility {unknown}
 p - a potion of degeneration {unknown}
 q - a potion of might
 r - a potion of heal wounds {unknown}


   Skills:
 - Level 2.1 Dodging
 - Level 2.0 Stealth
 - Level 3.5 Spellcasting
 + Level 7.6 Conjurations
 + Level 8.6 Air Magic


You had 4 spell levels left.
You knew the following spells:

 Your Spells              Type           Power      Damage    Failure   Level
a - Shock                 Conj/Air       100%       1d9       1%          1
s - Swiftness             Air            51%        N/A       1%          3
x - Airstrike             Air            25%        N/A       4%          4
Z - Static Discharge      Conj/Air       48%        N/A       1%          2

Your spell library contained the following spells:

 Spells                   Type           Power      Damage    Failure   Level
 Summon Small Mammal      Summ           12%        N/A       16%         1
 Call Canine Familiar     Summ           3%         N/A       43%         3
 Summon Guardian Golem    Hex/Summ       3%         N/A       43%         3


Dungeon Overview and Level Annotations

Branches:
Dungeon (5/15)             Temple (1/1) D:4

Altars:
Ashenzari
Cheibriados
Dithmenos
Fedhas
Gozag
Hepliaklqana
Kikubaaqudgha
Makhleb
Nemelex Xobeh
Okawaru
Qazlal
Ru
Sif Muna
Trog
Uskayaw
Vehumet
Wu Jian
Xom
Yredelemnul
Zin
The Shining One


Innate Abilities, Weirdness & Mutations

You have a beak for a mouth.
You have claws for feet.
Your magical nature lets you fly swiftly and evasively.


Message History

Aim: a wyvern skeleton (lightly damaged, 98% to hit)
You feel a surge of power!
The zap hits the wyvern skeleton!
You now have 11/13 mp.
Aim: a wyvern skeleton (heavily damaged, 98% to hit)
You feel a surge of power!
The zap hits the wyvern skeleton.
You now have 10/13 mp.
The spell is quite dangerous to miscast (5% risk of failure)!
Continue anyway?
Okay, then.
Okay, then.
Unknown command.
Adjust (i)tems, (s)pells, or (a)bilities?
Adjust which spell?
X - Airstrike Adjust to which letter? x - Airstrike The spell is quite dangerous to miscast (5% risk of failure)!
Continue anyway?
Aim: a wyvern skeleton (heavily damaged, empty space bonus: 8/8)
You feel a surge of power!
The air twists around and strikes the wyvern skeleton!!
You destroy the wyvern skeleton!
Vehumet accepts your kill.
You now have 6/13 mp.
A quokka comes into view.
You regained 3 mp, and now have 9/13 mp.
Aim: a quokka (wandering, hasn't noticed you, 64% to hit)
You feel a surge of power!
The zap misses the quokka.
You now have 8/13 mp.
Aim: a quokka (64% to hit)
You feel a surge of power!
The zap hits the quokka.
You now have 7/13 mp.
Aim: a quokka (heavily wounded, 64% to hit)
You feel a surge of power!
The zap hits the quokka.
You kill the quokka!
Vehumet accepts your kill.
You now have 6/13 mp.
You can't see any susceptible monsters within range! (Use Z to cast anyway.)
You can't see any susceptible monsters within range! (Use Z to cast anyway.)
Found a glowing orb.
You now have 188 gold pieces (gained 16).
MP restored: 13
v - a wand of iceblast (9) 2 orc priests come into view.
An ufetubus comes into view.
The ufetubus shouts!
The orc priest shouts! x2
You hear a shout!
An orc wizard comes into view. It is wielding a +0 dagger.
There is a stone staircase leading down here.
The orc priest mumbles some strange prayers to Beogh against you.
Beogh smites you!
You take 15 damage, and have 21/36 hp.
MASSIVE DAMAGE!!
The orc priest miscasts a cantrip.
The spell is quite dangerous to miscast (4% risk of failure)!
Continue anyway?
Aim: an orc priest, wielding a +0 flail (empty space bonus: 8/8)
You feel a surge of power!
The air twists around and strikes the orc priest!!
You kill the orc priest!
Vehumet accepts your kill.
An orc comes into view. It is wielding a +0 short sword.
The orc wizard points at you and mumbles some strange words.
The puff of flame misses you.
You have reached level 8!
You feel clever.
You regained 3 hp, and now have 24/41 hp.
You now have 9/14 mp.
Aim: an orc priest, wielding a +0 short sword and wearing a +0 ring mail (empty space bonus: 7/8)
You feel a surge of power!
The air twists around and strikes the orc priest!
The orc priest calls down the wrath of Beogh upon you.
Beogh smites you!
* * * LOW HITPOINT WARNING * * *
An orc comes into view. It is wielding a +0 falchion.
You take 13 damage, and have 11/41 hp.
MASSIVE DAMAGE!!
You now have 5/14 mp.
Aim: an orc priest, wielding a +0 short sword and wearing a +0 ring mail (severely wounded, empty space bonus: 7/8)
You feel a surge of power!
The air twists around and strikes the orc priest!
You kill the orc priest!
Vehumet accepts your kill. The ufetubus misses you. The ufetubus hits you.
* * * LOW HITPOINT WARNING * * *
The ufetubus closely misses you. x2
You take 3 damage, and have 8/41 hp.
You now have 1/14 mp.
The orc wizard casts a spell.
The orc wizard flickers and vanishes!
Deactivating autopickup; reactivate with Ctrl-A.
The ufetubus closely misses you. The ufetubus barely misses you.
The ufetubus misses you. x2
There is a stone staircase leading up here.
The ufetubus hits you.
* * * LOW HITPOINT WARNING * * *
The ufetubus hits you.
* * * LOW HITPOINT WARNING * * *
You fly upwards.
Reactivating autopickup.
There is a stone staircase leading down here.
You take 4 damage, and have 5/41 hp.
You feel a surge of power!
The zap hits the ufetubus. x2
The ufetubus hits you.
* * * LOW HITPOINT WARNING * * *
The ufetubus closely misses you. x2; The ufetubus hits you.
You die...

#...............#
#..###..........##
###.##.......⌠...#
##..###...........# #.###
#.....⌠.>.⌠.##
##..###............#######
###.#........⌠...........
##.)##......##############
#.###....@................
##..##...5.###############
###.#.........#
##..###.....##.### #.###
#.###.#....# ##
##..###.###.####.# #.
###.#...........########.
##..##...#.####...........
#.###....#.# #.#########.


You could see an ufetubus.

Vanquished Creatures
  Sigmund (D:2)
  A necrophage (D:4)
  An ogre (D:4)
  A phantom (D:4)
  A water moccasin zombie (D:5)
  A wyvern skeleton (D:5)
  A hound (D:4)
  2 orc priests (D:5)
  A bullfrog skeleton (D:5)
  Ijyb (D:3)
  Terence (D:2)
  An orc wizard (D:3)
  A hound zombie (D:5)
  A hound skeleton (D:4)
  3 gnolls (D:3)
  3 adders
  3 adder skeletons (D:4)
  3 dart slugs
  5 orcs
  7 endoplasms
  4 giant cockroaches
  6 goblins
  7 hobgoblins
  3 jackals (D:4)
  7 quokkas
  7 ball pythons
  8 bats
  2 frilled lizards
  6 kobolds
  8 rats
97 creatures vanquished.

Notes
Turn   | Place    | Note
-------+----------+-------------------------------------------
     0 | D:1      | murtidash the Tengu Air Elementalist began the quest for
                  | the Orb.
     0 | D:1      | Reached XP level 1. HP: 10/10 MP: 4/4
   285 | D:1      | Reached XP level 2. HP: 15/15 MP: 0/6
   371 | D:1      | Reached skill level 2 in Conjurations
  1410 | D:2      | Reached XP level 3. HP: 19/19 MP: 5/7
  1413 | D:2      | Learned a level 2 spell: Static Discharge
  1433 | D:2      | Learned a level 3 spell: Swiftness
  1556 | D:2      | Noticed Terence
  1569 | D:2      | Killed Terence
  1570 | D:2      | Reached skill level 3 in Conjurations
  1802 | D:2      | Noticed Sigmund
  1811 | D:2      | Killed Sigmund
  1812 | D:2      | Reached skill level 3 in Spellcasting
  1812 | D:2      | Reached skill level 4 in Conjurations
  1812 | D:2      | Reached skill level 5 in Air Magic
  1812 | D:2      | Reached XP level 4. HP: 12/24 MP: 6/10
  1812 | D:2      | Gained mutation: Your magical nature lets you fly swiftly
                  | and evasively. [Tengu growth]
  1812 | D:2      | Reached XP level 5. HP: 14/28 MP: 6/11
  2019 | D:2      | Found a faded altar of an unknown god.
  2061 | D:2      | Reached XP level 6. HP: 32/32 MP: 10/12
  2384 | D:2      | Learned a level 4 spell: Airstrike
  2471 | D:3      | Reached skill level 6 in Air Magic
  2816 | D:3      | Reached skill level 5 in Conjurations
  3144 | D:3      | Identified the +7 falchion of Excruciating Pain {venom,
                  | rPois Str+2}
  3247 | D:4      | Noticed Ijyb
  3291 | D:3      | Killed Ijyb
  3552 | D:4      | Noticed a necrophage
  3569 | D:4      | Killed a necrophage
  3570 | D:4      | Reached skill level 7 in Air Magic
  3570 | D:4      | Reached XP level 7. HP: 36/36 MP: 5/13
  3670 | D:4      | Reached skill level 6 in Conjurations
  3800 | D:4      | Found a staircase to the Ecumenical Temple.
  3810 | Temple   | Entered the Ecumenical Temple
  4372 | Temple   | Became a worshipper of Vehumet
  4453 | D:5      | Entered Level 5 of the Dungeon
  5009 | D:4      | Reached skill level 8 in Air Magic
  5134 | D:5      | Reached skill level 7 in Conjurations
  5354 | D:5      | Reached XP level 8. HP: 24/41 MP: 9/14
  5355 | D:5      | HP: 8/41 [ufetubus (3)]
  5361 | D:5      | HP: 7/41 [ufetubus (2)]
  5363 | D:4      | HP: 2/41 [ufetubus (3)]
  5363 | D:4      | Slain by an ufetubus

Illustrated notes

Levels and vault maps discovered:
D:1:      wheals_arrival_linesprint, layout_basic, minmay_hexomino_u4
D:2:      layout_rooms, chequers_ecumenical_altar_island, uniq_terence,
          uniq_sigmund
D:3:      layout_rooms, portal_sewer_entry_b
D:4:      layout_basic, temple_fountains, grunt_decor_resistance, uniq_ijyb
D:5:      layout_rooms, corexii_shack, minmay_fire_ice_demons, uniq_pikel
Temple:   mainiacjoe_temple_starburst

Skill      XL: |  1  2  3  4  5  6  7 |
---------------+----------------------+-----
Conjurations   | 2 4 5 7 |  7.6
Spellcasting   | 3 |  3.5
Air Magic      | 5 7 8 |  8.6
Dodging        | |  2.1
Stealth        | |  2.0

Action                   |  1- 3 |  4- 6 |  7- 9 || total
-------------------------+-------+-------+-------++-------
Melee: Kick              |     3 |       |       ||     3
       Unarmed           |     1 |    13 |       ||    14
       Dagger            |     5 |       |       ||     5
       Peck              |     2 |       |       ||     2
 Cast: Shock             |    72 |    88 |    75 ||   235
       Static Discharge  |       |     1 |       ||     1
       Airstrike         |       |       |     5 ||     5
  Use: Potion            |     1 |       |       ||     1
Armor: Robe              |     3 |     1 |     2 ||     6
Dodge: Dodged            |    13 |    20 |    16 ||    49

Table legend: (Time is in decaauts)
 A = Elapsed time spent in this place.
 B = Non-inter-level travel time spent in this place.
 C = Inter-level travel time spent in this place.
 D = Time resting spent in this place.
 E = Time spent auto-exploring this place.
 F = Levels seen in this place.
 G = Mean time per level.
                   A        B        C        D        E       F      G
               +--------+--------+--------+--------+--------+-----+--------+
         Total |   5171 |   4933 |    238 |     45 |   4337 |   6 |  861.8 |
       Dungeon |   4615 |   4461 |    154 |     45 |   3878 |   5 |  923.0 |
        Temple |    556 |    472 |     84 |      0 |    458 |   1 |  556.0 |
               +--------+--------+--------+--------+--------+-----+--------+

Top non-repeatable levels by time:
     D:1: 1308 daAuts
     D:2: 1085 daAuts
     D:3: 1010 daAuts
     D:4: 971 daAuts
  Temple: 556 daAuts
     D:5: 240 daAuts

Table legend:
 A = Kills in this place as a percentage of kills in entire the game.
 B = Kills by you in this place as a percentage of kills by you in the entire game.
 C = Kills by friends in this place as a percentage of kills by friends in the entire game.
 D = Other kills in this place as a percentage of other kills in the entire game.
 E = Experience gained in this place as a percentage of experience gained in the entire game.
 F = Experience gained in this place divided by the number of levels of this place that you have seen.
                   A       B       C       D       E      F
               +-------+-------+-------+-------+-------+----------------------
         Total | 100.0 | 100.0 |   N/A |   N/A | 100.0 | 211.3
       Dungeon | 100.0 | 100.0 |   N/A |   N/A | 100.0 | 253.6
               +-------+-------+-------+-------+-------+----------------------
